 Dungeon Crawl Stone Soup version 0.30-a0-122-g2a1322497e (webtiles) character file.

Game seed: 2862521342340999238

0 Dreamer the Sneak (level 1, -7/21 HPs)
             Began as a Naga Delver on Sept 15, 2022.
             Mangled by an iguana (10 damage)
             ... on level 5 of the Dungeon.
             The game lasted 00:00:13 (44 turns).

Dreamer the Sneak (Naga Delver)                       Turns: 44, Time: 00:00:13

Health: -7/21      AC:  1    Str: 14    XL:     1   Next: 0%
Magic:  1/1        EV:  9    Int: 10    God:
Gold:   0          SH:  0    Dex: 12    Spells: 0/0 levels left

rFire   . . .      SeeInvis +    a - +0 short sword
rCold   . . .      Faith    .    (no shield)
rNeg    . . .      Spirit   .    b - +0 leather armour
rPois   +          Reflect  .    (no helmet)
rElec   .          Harm     .    (no cloak)
rCorr   .          Rampage  .    (no gloves)
Will    .....                    (no barding)
Stlth   +++.......               (no amulet)
HPRegen 0.07/turn                (no ring)
MPRegen 0.07/turn                (no ring)

@: very slow
A: AC +0, large, see invisible, deformed body, poison resistance, slowness 2,
spit poison 1, naga tail 1
a: Spit Poison


You were on level 5 of the Dungeon.
You visited 1 branch of the dungeon, and saw 1 of its levels.

Inventory:

Hand Weapons
 a - a +0 short sword (weapon)
Armour
 b - a +0 leather armour (worn)
Wands
 g - a wand of digging (3)
Scrolls
 c - a scroll of fog
 d - a scroll of magic mapping
 e - a scroll of fear
Potions
 f - a potion of haste
 h - a potion of flight {unknown}


   Skills:
 - Level 3.0 Fighting
 + Level 2.0 Short Blades
 - Level 1.5 Dodging
 + Level 7.2 Stealth


You couldn't memorise any spells.
You didn't know any spells.
Your spell library was empty.

Dungeon Overview and Level Annotations

Branches:
Dungeon (5/15)
 Temple: D:4-7

Altars:


Innate Abilities, Weirdness & Mutations

Your serpentine skin is tough. (AC +0)
You have supernaturally acute eyesight. (SInv)
Armour fits poorly on your strangely shaped body.
Your system is resistant to poisons. (rPois)
You cover ground very slowly.
You can spit poison.
You have a snake-like lower body.


Message History

Welcome, Dreamer the Naga Delver.
It is said that the Orb of Zot exists deep within this dungeon.
Press ? for a list of commands and other information.
Found a stone staircase leading down.
Found 5 stones.
h - a green potion You open the door.
There is an open door here.
As you open the door, it creaks loudly!
You open the door.
Found an escape hatch in the floor.
There is an open door here.
An iguana comes into view.
The iguana hisses angrily.
There is an escape hatch in the floor here.
The iguana attacks as you move away! The iguana bites you!
There is an open door here.
An iguana is nearby!
You hit the iguana but do no damage. The iguana bites you!
Ouch! That really hurt!
* * * LOW HITPOINT WARNING * * *
You hit the iguana.
The iguana is lightly wounded.
The iguana barely misses you.
You hit the iguana but do no damage.
The iguana is lightly wounded.
The iguana barely misses you.
You hit the iguana.
The iguana is lightly wounded.
The iguana completely misses you.
You closely miss the iguana.
The iguana is lightly wounded.
The iguana bites you!
You die...

##.....##
##.......##
#.........####...
+.........'......
#.........####...
##.......##
##.....## ##...##
##@## #l# #># #.#
... ..... ##...##
#..## #.##


You could see an iguana.

Vanquished Creatures (others)
  4 demonic plants (D:5)
4 creatures vanquished.

Notes
Turn   | Place    | Note
-------+----------+-------------------------------------------
     0 | D:5      | Dreamer the Naga Delver began the quest for the Orb.
     0 | D:5      | Reached XP level 1. HP: 21/21 MP: 1/1
    37 | D:5      | Noticed an iguana
    44 | D:5      | Mangled by an iguana

Illustrated notes

Levels and vault maps discovered:
D:5:      layout_loops_corners, zin_treasury, serial_shops, nicolae_shop_stone,
          serial_demonic, serial_demonic_b, serial_demonic_f, serial_demonic_b,
          serial_demonic_b, serial_demonic_f, serial_demonic_d,
          serial_demonic_b, uniq_menkaure

Action                   || total
-------------------------++-------
Melee: Short sword       ||     5
Dodge: Dodged            ||     3

Table legend: (Time is in decaauts)
 A = Elapsed time spent in this place.
 B = Non-inter-level travel time spent in this place.
 C = Inter-level travel time spent in this place.
 D = Time resting spent in this place.
 E = Time spent auto-exploring this place.
 F = Levels seen in this place.
 G = Mean time per level.
                   A        B        C        D        E       F      G
               +--------+--------+--------+--------+--------+-----+--------+
         Total |     58 |     58 |      0 |      0 |     46 |   1 |   58.0 |
       Dungeon |     58 |     58 |      0 |      0 |     46 |   1 |   58.0 |
               +--------+--------+--------+--------+--------+-----+--------+

Top non-repeatable levels by time:
     D:5: 58 daAuts
